Sharks vs Panthers

Created - 6 novembre 2017 at 07:00

Goals
1 2 3 T
Sharks 1 0 1 2
Panthers 0 0 1 1
Shots
1 2 3 T
Sharks 14 11 14 39
Panthers 7 10 14 31

1st period

1. Sharks , Jonathan Huberdeau 9 (Alex Pietrangelo 7) at 9:40

Penalties :
No Penalty

2nd period

No Goal

Penalties :
No Penalty

3rd period

2. Sharks , Dylan Larkin 2 (Boone Jenner 6, Alex Pietrangelo 8) at 5:17
3. Panthers , Aleksander Barkov 7 (Mats Zuccarello 8) at 7:40

Penalties :
Fedor Tyutin (FLA) for Interference (Minor) at 1:46, Matt Greene (FLA) for Interference (Minor) at 8:51

Goalie Stats

Jake Allen (SJS), 30 saves from 31 shots - (0,968), W, 6-2-0, 60:00 minutes
Pekka Rinne (FLA), 37 saves from 39 shots - (0,949), L, 2-6-0, 60:00 minutes

Players Stats for Sharks

Player Name              G  A  P  +/- PIM S  H  SB GA TA FO     MP     PP MP  PK MP  
------------------------------------------------------------------------------------
Alex Pietrangelo         0  2  2   1  0   3  0  1  1  3  0/0    22:27   2:05   0:00 
Boone Jenner             0  1  1   2  0   3  2  0  0  2  1/4    12:30   0:00   0:00 
Braydon Coburn           0  0  0   1  0   0  1  1  0  0  0/0    22:27   2:05   0:00 
Colton Sceviour          0  0  0   0  0   1  0  1  1  0  0/4    10:18   0:00   0:00 
Dylan Larkin             1  0  1   0  0   4  4  1  0  1  6/14   16:56   1:52   0:00 
Gabriel Landeskog        0  0  0   0  0   1  2  0  0  0  2/2    19:22   1:52   0:00 
Jonathan Drouin          0  0  0   0  0   2  0  0  0  0  0/2    19:22   1:52   0:00 
Jonathan Huberdeau       1  0  1   1  0   3  1  0  4  0  0/1    15:16   2:06   0:00 
Justin Braun             0  0  0   0  0   0  1  1  2  1  0/0    20:22   1:53   0:00 
Kenny Agostino           0  0  0   0  0   0  0  1  0  0  0/1    10:18   0:00   0:00 
Mark Borowiecki          0  0  0   0  0   0  2  2  0  2  0/0    17:11   0:00   0:00 
Mikkel Boedker           0  0  0   2  0   3  1  0  0  0  0/0    12:30   0:00   0:00 
Patric Hornqvist         0  0  0  -1  0   3  2  0  0  0  0/1    17:50   2:06   0:00 
Sidney Crosby            0  0  0   0  0   4  1  0  1  0  8/25   20:28   2:06   0:00 
Steve Bernier            0  0  0   0  0   0  0  0  0  0  0/0    10:18   0:00   0:00 
Teuvo Teravainen         0  0  0  -1  0   6  0  1  0  0  0/0    14:52   0:00   0:00 
Tyson Barrie             0  0  0   0  0   5  0  0  1  1  0/0    20:22   1:53   0:00 
Zach Werenski            0  0  0   0  0   1  0  0  0  0  0/0    17:11   0:00   0:00 

Players Stats for Panthers

Player Name              G  A  P  +/- PIM S  H  SB GA TA FO     MP     PP MP  PK MP  
------------------------------------------------------------------------------------
Adam McQuaid             0  0  0   0  0   1  3  3  0  3  0/0    22:20   0:00   2:18 
Alec Martinez            0  0  0   0  0   3  1  3  0  1  0/0    25:43   0:00   1:38 
Aleksander Barkov        1  0  1   1  0   7  0  0  1  0  11/16  19:38   0:00   0:02 
Ales Hemsky              0  0  0  -1  0   2  0  1  1  0  0/1    18:16   0:00   2:05 
Andrew Ladd              0  0  0  -1  0   3  0  1  2  1  0/0    16:59   0:00   0:47 
Blake Comeau             0  0  0  -1  0   1  1  0  0  1  0/0    10:33   0:00   0:59 
Corey Tropp              0  0  0   0  0   1  1  0  3  1  0/0    10:41   0:00   0:00 
Devante Smith-Pelly      0  0  0   0  0   3  0  0  0  0  0/1    11:40   0:00   0:59 
Fedor Tyutin             0  0  0  -1  2   0  0  1  0  0  0/0    16:01   0:00   0:52 
J.T. Miller              0  0  0   1  0   0  2  0  0  1  1/3    19:35   0:00   0:00 
Jakub Kindl              0  0  0  -1  0   1  1  2  0  0  0/0    16:37   0:00   0:55 
Jay Bouwmeester          0  0  0   0  0   2  2  1  1  0  0/0    21:38   0:00   1:42 
Josh Jooris              0  0  0  -1  0   0  1  0  0  0  2/4     9:29   0:00   0:00 
Kyle Brodziak            0  0  0   0  0   1  1  0  0  2  6/7    12:46   0:00   2:05 
Mats Zuccarello          0  1  1   1  0   4  1  0  1  0  0/1    19:35   0:00   0:00 
Matt Greene              0  0  0   0  2   0  4  1  0  0  0/0    17:45   0:00   0:31 
Matt Moulson             0  0  0  -1  0   1  0  0  1  0  0/0     9:29   0:00   0:00 
Tomas Plekanec           0  0  0  -1  0   1  1  0  0  0  17/21  17:15   0:00   0:59 

3 Stars

1 - Jake Allen (SJS)
2 - Pekka Rinne (FLA)
3 - Dylan Larkin (SJS)

Power Play

Sharks - 0 on 2 Attempt(s) - 0,00%
Panthers - 0 on 0 Attempt(s) - 0,00%

Penalty Kill

Sharks - 0 on 0 Attempt(s) - 0,00% - Score 0 goal in Penalty Kill
Panthers - 2 on 2 Attempt(s) - 100,00% - Score 0 goal in Penalty Kill

Team Stat

Sharks - Hits : 17 - Faceoff Wins : 17 - Blocked Shots : 9 - Penalty Minutes : 0
Panthers - Hits : 19 - Faceoff Wins : 37 - Blocked Shots : 13 - Penalty Minutes : 4

Official

Referees : Francis Charron and Jacob Brenk
Linesman : Brandon Gawryletz and Andy McElman

Game Notes

No Game Note

Finance

Level 1 -- Attendance: 5159 (85,98%) -- Ticket Income 515 900 $
Level 2 -- Attendance: 4698 (93,96%) -- Ticket Income 281 880 $
Level 3 -- Attendance: 1798 (89,90%) -- Ticket Income 62 930 $
Level 4 -- Attendance: 4000 (100,00%) -- Ticket Income 80 000 $
Luxury Box -- Attendance: 696 (69,60%) -- Ticket Income 139 200 $
Game was played at the Sunrise Arena.
Total Attendance: 16351 (90,84%)
Total Ticket Income: 1 079 910 $
Other Income: 529 156 $
Total Income: 1 609 066 $

Sharks

5 vs 5 Forward 
   Center                   Left Wing                Right Wing               Time % Phy DF OF 
 1 Sidney Crosby            Gabriel Landeskog        Jonathan Drouin          36     0   1  4  
 2 Dylan Larkin             Patric Hornqvist         Teuvo Teravainen         34     0   1  4  
 3 Boone Jenner             Jonathan Huberdeau       Mikkel Boedker           25     0   1  4  
 4 Colton Sceviour          Kenny Agostino           Steve Bernier            5      0   1  4  

5 vs 5 Defense 
   Defense                  Defense                                           Time % Phy DF OF 
 1 Alex Pietrangelo         Braydon Coburn                                    36     0   1  4  
 2 Justin Braun             Tyson Barrie                                      34     0   1  4  
 3 Zach Werenski            Mark Borowiecki                                   30     0   1  4  
 4 Alex Pietrangelo         Braydon Coburn                                    0      0   1  4  

PowerPlay Forward 
   Center                   Left Wing                Right Wing               Time % Phy DF OF 
 1 Sidney Crosby            Jonathan Huberdeau       Patric Hornqvist         55     0   1  4  
 2 Dylan Larkin             Jonathan Drouin          Gabriel Landeskog        45     0   1  4  

PowerPlay Defense
   Defense                  Defense                                           Time % Phy DF OF 
 1 Alex Pietrangelo         Braydon Coburn                                    55     0   1  4  
 2 Justin Braun             Tyson Barrie                                      45     0   1  4  

Penalty Kill 4 Players Forward 
   Center                   Wing                     Time % Phy DF OF 
 1 Colton Sceviour          Kenny Agostino           55     0   5  0  
 2 Boone Jenner             Steve Bernier            45     0   5  0  

Penalty Kill 4 Players Defense
   Defense                  Defense                  Time % Phy DF OF 
 1 Alex Pietrangelo         Braydon Coburn           55     0   5  0  
 2 Justin Braun             Tyson Barrie             45     0   5  0  

Penalty Kill - 3 Players Forward 
   Forward                                           Time % Phy DF OF 
 1 Colton Sceviour                                   55     1   4  0  
 2 Steve Bernier                                     45     1   4  0  

Penalty Kill - 3 Players Defense
   Defense                  Defense                  Time % Phy DF OF 
 1 Mark Borowiecki          Braydon Coburn           55     1   4  0  
 2 Justin Braun             Tyson Barrie             45     1   4  0  

4 vs 4 Forward 
   Center                   Wing                     Time % Phy DF OF 
 1 Dylan Larkin             Jonathan Drouin          55     1   2  2  
 2 Colton Sceviour          Steve Bernier            45     1   2  2  

4 vs 4 Defense
   Defense                  Defense                  Time % Phy DF OF 
 1 Alex Pietrangelo         Braydon Coburn           55     1   2  2  
 2 Justin Braun             Tyson Barrie             45     1   2  2  

Last Minutes Offensive
   Center                   Left Wing                Right Wing               Defense                  Defense                  
   Sidney Crosby            Gabriel Landeskog        Jonathan Drouin          Alex Pietrangelo         Braydon Coburn           

Last Minutes Defensive
   Center                   Left Wing                Right Wing               Defense                  Defense                  
   Sidney Crosby            Gabriel Landeskog        Jonathan Drouin          Alex Pietrangelo         Braydon Coburn           

Goaltenders
Starting : Jake Allen               
Backup : Joonas Korpisalo         

Extra Forwards
Normal : Boone Jenner, Dylan Larkin, Mikkel Boedker - PP : Boone Jenner, Dylan Larkin - PK : Mikkel Boedker
Extra Defensemen
Normal : Zach Werenski, Mark Borowiecki, Justin Braun - PP : Zach Werenski - PK : Mark Borowiecki, Justin Braun
Penalty Shots
Sidney Crosby, Gabriel Landeskog, Jonathan Huberdeau, Jonathan Drouin, Patric Hornqvist
Custom OT Lines Forwards
Sidney Crosby, Gabriel Landeskog, Jonathan Huberdeau, Jonathan Drouin, Patric Hornqvist, Boone Jenner, Teuvo Teravainen, Dylan Larkin, Mikkel Boedker, Colton Sceviour
Custom OT Lines Defensemen
Alex Pietrangelo, Braydon Coburn, Justin Braun, Tyson Barrie, Zach Werenski

Scratches
*salaire sharks* (Suspend), Matt Martin (Healthy), Brian Gibbons (Healthy)

Panthers

5 vs 5 Forward 
   Center                   Left Wing                Right Wing               Time % Phy DF OF 
 1 Aleksander Barkov        Mats Zuccarello          J.T. Miller              35     0   3  2  
 2 Tomas Plekanec           Andrew Ladd              Ales Hemsky              32     0   4  1  
 3 Kyle Brodziak            Corey Tropp              Devante Smith-Pelly      21     0   4  1  
 4 Josh Jooris              Blake Comeau             Matt Moulson             12     0   4  1  

5 vs 5 Defense 
   Defense                  Defense                                           Time % Phy DF OF 
 1 Adam McQuaid             Alec Martinez                                     40     1   2  2  
 2 Matt Greene              Jay Bouwmeester                                   30     1   2  2  
 3 Jakub Kindl              Fedor Tyutin                                      20     1   2  2  
 4 Alec Martinez            Jay Bouwmeester                                   10     1   2  2  

PowerPlay Forward 
   Center                   Left Wing                Right Wing               Time % Phy DF OF 
 1 Aleksander Barkov        Mats Zuccarello          J.T. Miller              60     1   0  4  
 2 Tomas Plekanec           Andrew Ladd              Ales Hemsky              40     1   2  2  

PowerPlay Defense
   Defense                  Defense                                           Time % Phy DF OF 
 1 Jakub Kindl              Alec Martinez                                     60     1   1  3  
 2 Jay Bouwmeester          Adam McQuaid                                      40     1   2  2  

Penalty Kill 4 Players Forward 
   Center                   Wing                     Time % Phy DF OF 
 1 Kyle Brodziak            Ales Hemsky              60     1   2  2  
 2 Tomas Plekanec           Blake Comeau             40     1   2  2  

Penalty Kill 4 Players Defense
   Defense                  Defense                  Time % Phy DF OF 
 1 Adam McQuaid             Jay Bouwmeester          60     1   2  2  
 2 Alec Martinez            Fedor Tyutin             40     1   2  2  

Penalty Kill - 3 Players Forward 
   Forward                                           Time % Phy DF OF 
 1 Ales Hemsky                                       60     1   2  2  
 2 Andrew Ladd                                       40     1   2  2  

Penalty Kill - 3 Players Defense
   Defense                  Defense                  Time % Phy DF OF 
 1 Matt Greene              Jay Bouwmeester          60     1   2  2  
 2 Alec Martinez            Adam McQuaid             40     1   2  2  

4 vs 4 Forward 
   Center                   Wing                     Time % Phy DF OF 
 1 Aleksander Barkov        Mats Zuccarello          60     1   2  2  
 2 J.T. Miller              Ales Hemsky              40     1   2  2  

4 vs 4 Defense
   Defense                  Defense                  Time % Phy DF OF 
 1 Matt Greene              Jay Bouwmeester          60     1   2  2  
 2 Alec Martinez            Adam McQuaid             40     1   2  2  

Last Minutes Offensive
   Center                   Left Wing                Right Wing               Defense                  Defense                  
   Aleksander Barkov        Mats Zuccarello          J.T. Miller              Matt Greene              Jakub Kindl              

Last Minutes Defensive
   Center                   Left Wing                Right Wing               Defense                  Defense                  
   Tomas Plekanec           Andrew Ladd              Kyle Brodziak            Adam McQuaid             Jay Bouwmeester          

Goaltenders
Starting : Pekka Rinne              
Backup : Carter Hutton            

Extra Forwards
Normal : Kyle Brodziak, Matt Moulson, Devante Smith-Pelly - PP : Kyle Brodziak, Matt Moulson - PK : Devante Smith-Pelly
Extra Defensemen
Normal : Jay Bouwmeester, Jakub Kindl, Alec Martinez - PP : Jay Bouwmeester - PK : Jakub Kindl, Alec Martinez
Penalty Shots
Mats Zuccarello, Aleksander Barkov, J.T. Miller, Tomas Plekanec, Blake Comeau
Custom OT Lines Forwards
Mats Zuccarello, Aleksander Barkov, J.T. Miller, Tomas Plekanec, Andrew Ladd, Ales Hemsky, Kyle Brodziak, Matt Moulson, Devante Smith-Pelly, Corey Tropp
Custom OT Lines Defensemen
Jakub Kindl, Jay Bouwmeester, Alec Martinez, Adam McQuaid, Fedor Tyutin

Scratches
Ryan White (Healthy), Nathan Beaulieu (Healthy)

% Time on Ice - Sharks

Lines # - Real PCT - Wanted PCT - Time Play
Normal Forward
1 - 32% - 36% - 17:22
2 - 27% - 34% - 14:52
3 - 23% - 25% - 12:30
4 - 19% - 5% - 10:18
Normal Defense
1 - 36% - 36% - 19:41
2 - 34% - 34% - 18:29
3 - 30% - 30% - 16:28
4 - 1% - 0% - 0:24
PP Forward
1 - 53% - 55% - 2:06
2 - 47% - 45% - 1:52
PP Defense
1 - 53% - 55% - 2:05
2 - 47% - 45% - 1:53
PK Forward
1 - 0% - 55%
2 - 0% - 45%
PK Defense
1 - 0% - 55%
2 - 0% - 45%
PK3 Forward
1 - 0% - 55%
2 - 0% - 45%
PK3 Defense
1 - 0% - 55%
2 - 0% - 45%
44 Forward
1 - 0% - 55%
2 - 0% - 45%
44 Defense
1 - 0% - 55%
2 - 0% - 45%
Last Minute Offensive  - 0:00
Last Minute Defensive  - 1:00
Total
Forward - 60:00
Defense - 60:00

% Time on Ice - Panthers

Lines # - Real PCT - Wanted PCT - Time Play
Normal Forward
1 - 34% - 35% - 18:35
2 - 30% - 32% - 16:16
3 - 19% - 21% - 10:41
4 - 17% - 12% - 9:29
Normal Defense
1 - 36% - 40% - 19:56
2 - 30% - 30% - 16:39
3 - 27% - 20% - 14:46
4 - 7% - 10% - 3:40
PP Forward
1 - 0% - 60%
2 - 0% - 40%
PP Defense
1 - 0% - 60%
2 - 0% - 40%
PK Forward
1 - 75% - 60% - 2:59
2 - 25% - 40% - 0:59
PK Defense
1 - 58% - 60% - 2:18
2 - 42% - 40% - 1:40
PK3 Forward
1 - 0% - 60%
2 - 0% - 40%
PK3 Defense
1 - 0% - 60%
2 - 0% - 40%
44 Forward
1 - 0% - 60%
2 - 0% - 40%
44 Defense
1 - 0% - 60%
2 - 0% - 40%
Last Minute Offensive  - 1:01
Last Minute Defensive  - 0:00
Total
Forward - 60:00
Defense - 60:00

Play by Play

1st period


0:01 of 1st period - Aleksander Barkov wins face-off versus Sidney Crosby in neutral zone.
0:26 of 1st period - Patric Hornqvist is hit by Alec Martinez and loses puck.
0:31 of 1st period - Snap shot by Corey Tropp.
0:31 of 1st period - Shot Misses the Net.
0:33 of 1st period - Wrist shot by Kyle Brodziak.
0:33 of 1st period - Shot Misses the Net.
0:35 of 1st period - Slapshot by Jay Bouwmeester.
0:35 of 1st period - Shot Blocked by Dylan Larkin.
0:53 of 1st period - Braydon Coburn is hit by Matt Greene and loses puck.
1:10 of 1st period - Jay Bouwmeester is hit by Justin Braun and loses puck.
1:19 of 1st period - Snap shot by Blake Comeau.
1:19 of 1st period - Stopped by Jake Allen with a rebound.
1:53 of 1st period - Snap shot by Sidney Crosby.
1:53 of 1st period - Shot Misses the Net.
1:55 of 1st period - Wrist shot by Dylan Larkin.
1:55 of 1st period - Shot Blocked by Fedor Tyutin.
4:32 of 1st period - Justin Braun is hit by Matt Greene and loses puck.
4:59 of 1st period - Snap shot by Sidney Crosby.
4:59 of 1st period - Stopped by Pekka Rinne with a rebound.
5:01 of 1st period - Wrist shot by Gabriel Landeskog.
5:01 of 1st period - Stopped by Pekka Rinne without a rebound.
5:02 of 1st period - Aleksander Barkov wins face-off versus Dylan Larkin in Panthers zone.
5:02 of 1st period - Aleksander Barkov is hit by Patric Hornqvist.
5:08 of 1st period - Alex Pietrangelo is hit by Matt Greene and loses puck.
5:19 of 1st period - Wrist shot by Aleksander Barkov.
5:19 of 1st period - Shot Misses the Net.
5:54 of 1st period - Snap shot by Jonathan Huberdeau.
5:54 of 1st period - Shot Misses the Net.
5:57 of 1st period - Icing by Jay Bouwmeester.
5:58 of 1st period - Kyle Brodziak wins face-off versus Dylan Larkin in Panthers zone.
6:15 of 1st period - Snap shot by Devante Smith-Pelly.
6:15 of 1st period - Stopped by Jake Allen with a rebound.
6:17 of 1st period - Snap shot by Matt Greene.
6:17 of 1st period - Deflect By Kyle Brodziak.
6:17 of 1st period - Stopped by Jake Allen without a rebound.
6:18 of 1st period - Aleksander Barkov wins face-off versus Jonathan Drouin in Sharks zone.
6:25 of 1st period - Snap shot by Aleksander Barkov.
6:25 of 1st period - Stopped by Jake Allen with a rebound.
6:51 of 1st period - Snap shot by Blake Comeau.
6:51 of 1st period - Shot Misses the Net.
7:31 of 1st period - Teuvo Teravainen is hit by Kyle Brodziak and loses puck.
7:47 of 1st period - Off-side.
7:48 of 1st period - Aleksander Barkov wins face-off versus Colton Sceviour in neutral zone.
8:15 of 1st period - Braydon Coburn is hit by Jay Bouwmeester and loses puck.
9:40 of 1st period - Snap shot by Jonathan Huberdeau.
9:40 of 1st period - Deflect By Fedor Tyutin.
9:40 of 1st period - Goal by Jonathan Huberdeau - Sharks : 1 - Panthers : 0.
9:41 of 1st period - Dylan Larkin wins face-off versus J.T. Miller in neutral zone.
9:44 of 1st period - Slapshot by Alex Pietrangelo.
9:44 of 1st period - Stopped by Pekka Rinne with a rebound.
9:50 of 1st period - Snap shot by Patric Hornqvist.
9:50 of 1st period - Shot Misses the Net.
9:52 of 1st period - Snap shot by Braydon Coburn.
9:52 of 1st period - Shot Blocked by Alec Martinez.
10:15 of 1st period - Snap shot by Kyle Brodziak.
10:15 of 1st period - Shot Misses the Net.
10:17 of 1st period - Slapshot by Adam McQuaid.
10:17 of 1st period - Deflect By Corey Tropp.
10:17 of 1st period - Shot Blocked by Braydon Coburn.
10:17 of 1st period - Puck is out of play.
10:18 of 1st period - Sidney Crosby wins face-off versus Ales Hemsky in Sharks zone.
10:23 of 1st period - Slapshot by Tomas Plekanec.
10:23 of 1st period - Shot Misses the Net.
10:25 of 1st period - Snap shot by Tomas Plekanec.
10:25 of 1st period - Shot Misses the Net.
10:33 of 1st period - Backhand shot by Ales Hemsky.
10:33 of 1st period - Shot Misses the Net.
11:04 of 1st period - Wrist shot by Teuvo Teravainen.
11:04 of 1st period - Stopped by Pekka Rinne with a rebound.
11:24 of 1st period - Devante Smith-Pelly is hit by Mark Borowiecki.
13:55 of 1st period - Wrist shot by Patric Hornqvist.
13:55 of 1st period - Stopped by Pekka Rinne without a rebound.
13:56 of 1st period - Dylan Larkin wins face-off versus J.T. Miller in Panthers zone.
13:57 of 1st period - Wrist shot by Patric Hornqvist.
13:57 of 1st period - Deflect By Teuvo Teravainen.
13:57 of 1st period - Stopped by Pekka Rinne with a rebound.
13:59 of 1st period - Wrist shot by Dylan Larkin.
13:59 of 1st period - Shot Misses the Net.
14:01 of 1st period - Snap shot by Teuvo Teravainen.
14:01 of 1st period - Shot Misses the Net.
14:03 of 1st period - Slapshot by Patric Hornqvist.
14:03 of 1st period - Shot Misses the Net.
14:05 of 1st period - Wrist shot by Dylan Larkin.
14:05 of 1st period - Shot Blocked by Alec Martinez.
14:07 of 1st period - Slapshot by Patric Hornqvist.
14:07 of 1st period - Shot Blocked by Adam McQuaid.
14:09 of 1st period - Slapshot by Tyson Barrie.
14:09 of 1st period - Stopped by Pekka Rinne with a rebound.
14:11 of 1st period - Snap shot by Patric Hornqvist.
14:11 of 1st period - Deflect By Dylan Larkin.
14:11 of 1st period - Stopped by Pekka Rinne with a rebound.
14:13 of 1st period - Wrist shot by Dylan Larkin.
14:13 of 1st period - Stopped by Pekka Rinne without a rebound.
14:14 of 1st period - Tomas Plekanec wins face-off versus Sidney Crosby in Panthers zone.
15:09 of 1st period - Slapshot by Corey Tropp.
15:09 of 1st period - Stopped by Jake Allen without a rebound.
15:10 of 1st period - Sidney Crosby wins face-off versus Tomas Plekanec in Sharks zone.
15:44 of 1st period - Wrist shot by Teuvo Teravainen.
15:44 of 1st period - Shot Hit the Post.
16:35 of 1st period - Slapshot by Andrew Ladd.
16:35 of 1st period - Shot Misses the Net.
17:24 of 1st period - Snap shot by Devante Smith-Pelly.
17:24 of 1st period - Stopped by Jake Allen with a rebound.
17:26 of 1st period - Slapshot by Devante Smith-Pelly.
17:26 of 1st period - Stopped by Jake Allen with a rebound.
17:46 of 1st period - Wrist shot by Boone Jenner.
17:46 of 1st period - Stopped by Pekka Rinne with a rebound.
18:07 of 1st period - Snap shot by Mikkel Boedker.
18:07 of 1st period - Shot Misses the Net.
18:17 of 1st period - Wrist shot by Jonathan Huberdeau.
18:17 of 1st period - Shot Misses the Net.
18:19 of 1st period - Slapshot by Boone Jenner.
18:19 of 1st period - Deflect By Blake Comeau.
18:19 of 1st period - Stopped by Pekka Rinne with a rebound.
18:27 of 1st period - Slapshot by Jonathan Huberdeau.
18:27 of 1st period - Shot Misses the Net.
18:29 of 1st period - Slapshot by Alex Pietrangelo.
18:29 of 1st period - Shot Misses the Net.
18:31 of 1st period - Snap shot by Boone Jenner.
18:31 of 1st period - Stopped by Pekka Rinne without a rebound.
18:32 of 1st period - Aleksander Barkov wins face-off versus Sidney Crosby in Panthers zone.
18:58 of 1st period - Backhand shot by Teuvo Teravainen.
18:58 of 1st period - Stopped by Pekka Rinne without a rebound.
18:59 of 1st period - Tomas Plekanec wins face-off versus Dylan Larkin in Panthers zone.
19:26 of 1st period - Mats Zuccarello is hit by Sidney Crosby and loses puck.
19:57 of 1st period - Slapshot by Alec Martinez.
19:57 of 1st period - Deflect By Corey Tropp.
19:57 of 1st period - Shot Misses the Net.
19:57 of 1st period - Puck is out of play.
19:58 of 1st period - Tomas Plekanec wins face-off versus Jonathan Drouin in Sharks zone.
19:59 of 1st period - Backhand shot by Ales Hemsky.
19:59 of 1st period - Shot Blocked by Mark Borowiecki.
Goals for this period are 1 for Sharks vs 0 for Panthers.
Shots for this period are 14 for Sharks vs 7 for Panthers.

2nd period


0:01 of 2nd period - Aleksander Barkov wins face-off versus Sidney Crosby in neutral zone.
0:08 of 2nd period - Wrist shot by Aleksander Barkov.
0:08 of 2nd period - Stopped by Jake Allen without a rebound.
0:09 of 2nd period - Gabriel Landeskog wins face-off versus Aleksander Barkov in Sharks zone.
0:14 of 2nd period - Wrist shot by Jonathan Drouin.
0:14 of 2nd period - Stopped by Pekka Rinne without a rebound.
0:15 of 2nd period - Tomas Plekanec wins face-off versus Dylan Larkin in Panthers zone.
0:26 of 2nd period - Snap shot by Tomas Plekanec.
0:26 of 2nd period - Shot Hit the Post.
0:40 of 2nd period - Gabriel Landeskog is hit by J.T. Miller and loses puck.
0:51 of 2nd period - Wrist shot by Aleksander Barkov.
0:51 of 2nd period - Stopped by Jake Allen without a rebound.
0:52 of 2nd period - Dylan Larkin wins face-off versus Kyle Brodziak in Sharks zone.
1:05 of 2nd period - Snap shot by Dylan Larkin.
1:05 of 2nd period - Deflect By Patric Hornqvist.
1:05 of 2nd period - Shot Blocked by Adam McQuaid.
1:05 of 2nd period - Puck is out of play.
1:06 of 2nd period - Tomas Plekanec wins face-off versus Sidney Crosby in Panthers zone.
1:33 of 2nd period - Alec Martinez is hit by Patric Hornqvist and loses puck.
2:22 of 2nd period - Snap shot by Matt Moulson.
2:22 of 2nd period - Shot Blocked by Colton Sceviour.
2:41 of 2nd period - Slapshot by Zach Werenski.
2:41 of 2nd period - Stopped by Pekka Rinne without a rebound.
2:42 of 2nd period - Aleksander Barkov wins face-off versus Patric Hornqvist in Panthers zone.
2:47 of 2nd period - Wrist shot by J.T. Miller.
2:47 of 2nd period - Shot Misses the Net.
2:49 of 2nd period - Slapshot by Alec Martinez.
2:49 of 2nd period - Stopped by Jake Allen without a rebound.
2:50 of 2nd period - Aleksander Barkov wins face-off versus Dylan Larkin in Sharks zone.
2:55 of 2nd period - Snap shot by Tyson Barrie.
2:55 of 2nd period - Stopped by Pekka Rinne with a rebound.
3:13 of 2nd period - Wrist shot by Mats Zuccarello.
3:13 of 2nd period - Deflect By Aleksander Barkov.
3:13 of 2nd period - Shot Misses the Net.
3:13 of 2nd period - Puck is out of play.
3:14 of 2nd period - Sidney Crosby wins face-off versus Tomas Plekanec in Sharks zone.
3:39 of 2nd period - Devante Smith-Pelly is hit by Mark Borowiecki.
4:03 of 2nd period - Wrist shot by Teuvo Teravainen.
4:03 of 2nd period - Stopped by Pekka Rinne without a rebound.
4:04 of 2nd period - Dylan Larkin wins face-off versus Tomas Plekanec in Panthers zone.
4:19 of 2nd period - Snap shot by Patric Hornqvist.
4:19 of 2nd period - Stopped by Pekka Rinne without a rebound.
4:20 of 2nd period - Aleksander Barkov wins face-off versus Sidney Crosby in Panthers zone.
5:27 of 2nd period - Wrist shot by Andrew Ladd.
5:27 of 2nd period - Deflect By Alex Pietrangelo.
5:27 of 2nd period - Stopped by Jake Allen without a rebound.
5:28 of 2nd period - Sidney Crosby wins face-off versus Aleksander Barkov in Sharks zone.
5:42 of 2nd period - Wrist shot by J.T. Miller.
5:42 of 2nd period - Shot Hit the Post.
5:54 of 2nd period - Wrist shot by Matt Moulson.
5:54 of 2nd period - Stopped by Jake Allen without a rebound.
5:55 of 2nd period - Dylan Larkin wins face-off versus Josh Jooris in Sharks zone.
6:04 of 2nd period - Wrist shot by Patric Hornqvist.
6:04 of 2nd period - Stopped by Pekka Rinne with a rebound.
6:39 of 2nd period - Icing by Boone Jenner.
6:40 of 2nd period - Tomas Plekanec wins face-off versus Sidney Crosby in Sharks zone.
7:11 of 2nd period - Wrist shot by Mats Zuccarello.
7:11 of 2nd period - Stopped by Jake Allen with a rebound.
7:13 of 2nd period - Backhand shot by Aleksander Barkov.
7:13 of 2nd period - Shot Hit the Post.
7:15 of 2nd period - Wrist shot by Aleksander Barkov.
7:15 of 2nd period - Stopped by Jake Allen with a rebound.
7:19 of 2nd period - Snap shot by Aleksander Barkov.
7:19 of 2nd period - Shot Blocked by Teuvo Teravainen.
7:31 of 2nd period - Boone Jenner is hit by Corey Tropp and loses puck.
7:50 of 2nd period - Snap shot by Matt Moulson.
7:50 of 2nd period - Shot Misses the Net.
7:56 of 2nd period - Slapshot by Blake Comeau.
7:56 of 2nd period - Deflect By Steve Bernier.
7:56 of 2nd period - Shot Blocked by Justin Braun.
7:56 of 2nd period - Puck is out of play.
7:57 of 2nd period - Aleksander Barkov wins face-off versus Sidney Crosby in Sharks zone.
9:33 of 2nd period - Jay Bouwmeester is hit by Gabriel Landeskog.
9:51 of 2nd period - Andrew Ladd is hit by Mikkel Boedker and loses puck.
10:11 of 2nd period - Corey Tropp is hit by Dylan Larkin and loses puck.
11:01 of 2nd period - Slapshot by Tyson Barrie.
11:01 of 2nd period - Stopped by Pekka Rinne with a rebound.
11:37 of 2nd period - Kyle Brodziak is hit by Boone Jenner and loses puck.
11:54 of 2nd period - Zach Werenski is hit by Blake Comeau.
12:17 of 2nd period - Wrist shot by Andrew Ladd.
12:17 of 2nd period - Stopped by Jake Allen without a rebound.
12:18 of 2nd period - Tomas Plekanec wins face-off versus Sidney Crosby in Sharks zone.
12:35 of 2nd period - Wrist shot by Jonathan Drouin.
12:35 of 2nd period - Shot Misses the Net.
13:08 of 2nd period - Icing by Teuvo Teravainen.
13:09 of 2nd period - Tomas Plekanec wins face-off versus Dylan Larkin in Sharks zone.
13:16 of 2nd period - Snap shot by Tyson Barrie.
13:16 of 2nd period - Stopped by Pekka Rinne without a rebound.
13:17 of 2nd period - Tomas Plekanec wins face-off versus Sidney Crosby in Panthers zone.
13:46 of 2nd period - Slapshot by Aleksander Barkov.
13:46 of 2nd period - Shot Blocked by Alex Pietrangelo.
14:17 of 2nd period - Wrist shot by Alex Pietrangelo.
14:17 of 2nd period - Stopped by Pekka Rinne with a rebound.
14:19 of 2nd period - Slapshot by Mikkel Boedker.
14:19 of 2nd period - Deflect By Blake Comeau.
14:19 of 2nd period - Shot Misses the Net.
14:19 of 2nd period - Puck is out of play.
14:20 of 2nd period - Tomas Plekanec wins face-off versus Sidney Crosby in Panthers zone.
14:29 of 2nd period - Slapshot by Sidney Crosby.
14:29 of 2nd period - Stopped by Pekka Rinne with a rebound.
15:27 of 2nd period - Off-side.
15:28 of 2nd period - Boone Jenner wins face-off versus Josh Jooris in neutral zone.
15:58 of 2nd period - Snap shot by Aleksander Barkov.
15:58 of 2nd period - Stopped by Jake Allen without a rebound.
15:59 of 2nd period - Sidney Crosby wins face-off versus Aleksander Barkov in Sharks zone.
16:03 of 2nd period - Off-side.
16:04 of 2nd period - J.T. Miller wins face-off versus Sidney Crosby in neutral zone.
16:41 of 2nd period - Wrist shot by Teuvo Teravainen.
16:41 of 2nd period - Shot Misses the Net.
17:17 of 2nd period - Wrist shot by Jonathan Drouin.
17:17 of 2nd period - Stopped by Pekka Rinne without a rebound.
17:18 of 2nd period - Sidney Crosby wins face-off versus Aleksander Barkov in Panthers zone.
17:30 of 2nd period - Slapshot by Sidney Crosby.
17:30 of 2nd period - Shot Misses the Net.
18:11 of 2nd period - Snap shot by Patric Hornqvist.
18:11 of 2nd period - Shot Misses the Net.
18:43 of 2nd period - Kenny Agostino is hit by Adam McQuaid and loses puck.
19:01 of 2nd period - Colton Sceviour is hit by Mats Zuccarello and loses puck.
19:06 of 2nd period - Slapshot by Mats Zuccarello.
19:06 of 2nd period - Stopped by Jake Allen with a rebound.
19:36 of 2nd period - Justin Braun is hit by Adam McQuaid and loses puck.
19:54 of 2nd period - Wrist shot by Colton Sceviour.
19:54 of 2nd period - Shot Misses the Net.
Goals for this period are 0 for Sharks vs 0 for Panthers.
Shots for this period are 11 for Sharks vs 10 for Panthers.

3rd period


0:01 of 3rd period - Tomas Plekanec wins face-off versus Dylan Larkin in neutral zone.
1:27 of 3rd period - Fedor Tyutin is hit by Dylan Larkin and loses puck.
1:36 of 3rd period - Snap shot by Dylan Larkin.
1:36 of 3rd period - Stopped by Pekka Rinne with a rebound.
1:46 of 3rd period - Minor Penalty to Fedor Tyutin for Interference.
1:47 of 3rd period - Kyle Brodziak wins face-off versus Jonathan Huberdeau in Panthers zone.
2:13 of 3rd period - Ales Hemsky is hit by Dylan Larkin and loses puck.
2:48 of 3rd period - Tomas Plekanec is hit by Dylan Larkin and loses puck.
3:19 of 3rd period - Patric Hornqvist is hit by Adam McQuaid and loses puck.
3:46 of 3rd period - Penalty to Fedor Tyutin is over, Fedor Tyutin is back on ice.
4:00 of 3rd period - Alex Pietrangelo is hit by Matt Greene and loses puck.
4:13 of 3rd period - Jonathan Huberdeau is hit by Jakub Kindl and loses puck.
4:30 of 3rd period - Braydon Coburn is hit by Tomas Plekanec and loses puck.
5:01 of 3rd period - Wrist shot by Mats Zuccarello.
5:01 of 3rd period - Stopped by Jake Allen with a rebound.
5:17 of 3rd period - Slapshot by Dylan Larkin.
5:17 of 3rd period - Goal by Dylan Larkin - Sharks : 2 - Panthers : 0.
5:18 of 3rd period - Tomas Plekanec wins face-off versus Colton Sceviour in neutral zone.
5:21 of 3rd period - Slapshot by Jay Bouwmeester.
5:21 of 3rd period - Stopped by Jake Allen with a rebound.
5:23 of 3rd period - Snap shot by Jay Bouwmeester.
5:23 of 3rd period - Deflect By Kenny Agostino.
5:23 of 3rd period - Stopped by Jake Allen without a rebound.
5:24 of 3rd period - Tomas Plekanec wins face-off versus Colton Sceviour in Sharks zone.
5:27 of 3rd period - Snap shot by Ales Hemsky.
5:27 of 3rd period - Stopped by Jake Allen with a rebound.
5:29 of 3rd period - Slapshot by Matt Greene.
5:29 of 3rd period - Shot Misses the Net.
5:33 of 3rd period - Wrist shot by Ales Hemsky.
5:33 of 3rd period - Deflect By Andrew Ladd.
5:33 of 3rd period - Shot Blocked by Kenny Agostino.
5:33 of 3rd period - Puck is out of play.
5:34 of 3rd period - Tomas Plekanec wins face-off versus Sidney Crosby in Sharks zone.
5:35 of 3rd period - Snap shot by Ales Hemsky.
5:35 of 3rd period - Stopped by Jake Allen without a rebound.
5:36 of 3rd period - Gabriel Landeskog wins face-off versus Tomas Plekanec in Sharks zone.
6:33 of 3rd period - Slapshot by Andrew Ladd.
6:33 of 3rd period - Stopped by Jake Allen with a rebound.
6:35 of 3rd period - Slapshot by Adam McQuaid.
6:35 of 3rd period - Stopped by Jake Allen without a rebound.
6:36 of 3rd period - Dylan Larkin wins face-off versus Mats Zuccarello in Sharks zone.
7:06 of 3rd period - Slapshot by Teuvo Teravainen.
7:06 of 3rd period - Stopped by Pekka Rinne with a rebound.
7:08 of 3rd period - Slapshot by Alex Pietrangelo.
7:08 of 3rd period - Stopped by Pekka Rinne with a rebound.
7:12 of 3rd period - Wrist shot by Teuvo Teravainen.
7:12 of 3rd period - Stopped by Pekka Rinne with a rebound.
7:40 of 3rd period - Snap shot by Aleksander Barkov.
7:40 of 3rd period - Goal by Aleksander Barkov - Sharks : 2 - Panthers : 1.
7:41 of 3rd period - Kyle Brodziak wins face-off versus Sidney Crosby in neutral zone.
7:52 of 3rd period - Wrist shot by Kyle Brodziak.
7:52 of 3rd period - Shot Misses the Net.
8:14 of 3rd period - Slapshot by Alec Martinez.
8:14 of 3rd period - Stopped by Jake Allen with a rebound.
8:16 of 3rd period - Slapshot by Alec Martinez.
8:16 of 3rd period - Shot Blocked by Mark Borowiecki.
8:29 of 3rd period - Off-side.
8:30 of 3rd period - Josh Jooris wins face-off versus Kenny Agostino in neutral zone.
8:39 of 3rd period - Snap shot by Colton Sceviour.
8:39 of 3rd period - Stopped by Pekka Rinne with a rebound.
8:41 of 3rd period - Snap shot by Tyson Barrie.
8:41 of 3rd period - Shot Misses the Net.
8:43 of 3rd period - Slapshot by Justin Braun.
8:43 of 3rd period - Shot Blocked by Jay Bouwmeester.
8:45 of 3rd period - Wrist shot by Colton Sceviour.
8:45 of 3rd period - Shot Misses the Net.
8:51 of 3rd period - Minor Penalty to Matt Greene for Interference.
8:52 of 3rd period - Kyle Brodziak wins face-off versus Sidney Crosby in Panthers zone.
9:17 of 3rd period - Ales Hemsky is hit by Braydon Coburn and loses puck.
9:30 of 3rd period - Slapshot by Alex Pietrangelo.
9:30 of 3rd period - Shot Misses the Net.
10:12 of 3rd period - Icing by Sidney Crosby.
10:13 of 3rd period - Sidney Crosby wins face-off versus Devante Smith-Pelly in Sharks zone.
10:47 of 3rd period - Slapshot by Alec Martinez.
10:47 of 3rd period - Stopped by Jake Allen with a rebound.
10:51 of 3rd period - Penalty to Matt Greene is over, Matt Greene is back on ice.
11:13 of 3rd period - Wrist shot by Mats Zuccarello.
11:13 of 3rd period - Stopped by Jake Allen without a rebound.
11:14 of 3rd period - Josh Jooris wins face-off versus Sidney Crosby in Sharks zone.
11:41 of 3rd period - Josh Jooris is hit by Jonathan Huberdeau.
12:03 of 3rd period - Slapshot by Tyson Barrie.
12:03 of 3rd period - Stopped by Pekka Rinne with a rebound.
12:05 of 3rd period - Snap shot by Teuvo Teravainen.
12:05 of 3rd period - Shot Blocked by Andrew Ladd.
12:43 of 3rd period - Braydon Coburn is hit by J.T. Miller and loses puck.
12:48 of 3rd period - Snap shot by Aleksander Barkov.
12:48 of 3rd period - Deflect By J.T. Miller.
12:48 of 3rd period - Shot Misses the Net.
12:48 of 3rd period - Puck is out of play.
12:49 of 3rd period - Aleksander Barkov wins face-off versus Sidney Crosby in Sharks zone.
13:26 of 3rd period - Slapshot by Mats Zuccarello.
13:26 of 3rd period - Shot Misses the Net.
13:48 of 3rd period - Mats Zuccarello is hit by Gabriel Landeskog and loses puck.
14:21 of 3rd period - Slapshot by Aleksander Barkov.
14:21 of 3rd period - Stopped by Jake Allen without a rebound.
14:22 of 3rd period - Tomas Plekanec wins face-off versus Dylan Larkin in Sharks zone.
14:23 of 3rd period - Snap shot by Ales Hemsky.
14:23 of 3rd period - Deflect By Tomas Plekanec.
14:23 of 3rd period - Stopped by Jake Allen with a rebound.
14:33 of 3rd period - Slapshot by Teuvo Teravainen.
14:33 of 3rd period - Shot Blocked by Alec Martinez.
14:35 of 3rd period - Wrist shot by Dylan Larkin.
14:35 of 3rd period - Shot Blocked by Adam McQuaid.
14:37 of 3rd period - Snap shot by Patric Hornqvist.
14:37 of 3rd period - Shot Blocked by Ales Hemsky.
15:29 of 3rd period - Icing by Kenny Agostino.
15:30 of 3rd period - Tomas Plekanec wins face-off versus Colton Sceviour in Sharks zone.
16:07 of 3rd period - Steve Bernier is hit by Jay Bouwmeester and loses puck.
16:18 of 3rd period - Wrist shot by Mikkel Boedker.
16:18 of 3rd period - Stopped by Pekka Rinne without a rebound.
16:19 of 3rd period - Kyle Brodziak wins face-off versus Boone Jenner in Panthers zone.
16:28 of 3rd period - Slapshot by Mikkel Boedker.
16:28 of 3rd period - Stopped by Pekka Rinne with a rebound.
16:30 of 3rd period - Snap shot by Alex Pietrangelo.
16:30 of 3rd period - Shot Misses the Net.
17:14 of 3rd period - Snap shot by Andrew Ladd.
17:14 of 3rd period - Shot Misses the Net.
17:38 of 3rd period - Mark Borowiecki is hit by Josh Jooris and loses puck.
17:51 of 3rd period - Kyle Brodziak is hit by Boone Jenner.
17:55 of 3rd period - Wrist shot by Jonathan Huberdeau.
17:55 of 3rd period - Stopped by Pekka Rinne with a rebound.
18:23 of 3rd period - Wrist shot by Ales Hemsky.
18:23 of 3rd period - Shot Misses the Net.
18:25 of 3rd period - Slapshot by Jakub Kindl.
18:25 of 3rd period - Stopped by Jake Allen without a rebound.
18:26 of 3rd period - Tomas Plekanec wins face-off versus Boone Jenner in Sharks zone.
18:37 of 3rd period - Snap shot by Jonathan Huberdeau.
18:37 of 3rd period - Stopped by Pekka Rinne with a rebound.
18:39 of 3rd period - Slapshot by Mikkel Boedker.
18:39 of 3rd period - Stopped by Pekka Rinne without a rebound.
18:40 of 3rd period - Kyle Brodziak wins face-off versus Boone Jenner in Panthers zone.
19:38 of 3rd period - Slapshot by Sidney Crosby.
19:38 of 3rd period - Stopped by Pekka Rinne with a rebound.
19:40 of 3rd period - Slapshot by Mark Borowiecki.
19:40 of 3rd period - Shot Blocked by Jakub Kindl.
19:42 of 3rd period - Snap shot by Sidney Crosby.
19:42 of 3rd period - Stopped by Pekka Rinne without a rebound.
19:43 of 3rd period - Adam Oates call a timeout for Panthers.
19:43 of 3rd period - Sidney Crosby wins face-off versus Aleksander Barkov in Panthers zone.
19:44 of 3rd period - Snap shot by Jonathan Drouin.
19:44 of 3rd period - Shot Blocked by Matt Greene.
19:46 of 3rd period - Wrist shot by Braydon Coburn.
19:46 of 3rd period - Shot Blocked by Jakub Kindl.
19:58 of 3rd period - Snap shot by Sidney Crosby.
19:58 of 3rd period - Shot Misses the Net.
Goals for this period are 1 for Sharks vs 1 for Panthers.
Shots for this period are 14 for Sharks vs 14 for Panthers.